[Event "Julius Baer Generation Cup Prelims 2022"]
[Site "Online"]
[Date "2022.09.14"]
[Round "14.2"]
[White "Saric, Ivan"]
[Black "Aronian, Levon"]
[Result "1/2-1/2"]
[ECO "C67"]
[WhiteElo "2668"]
[BlackElo "2759"]
[Annotator "TA"]
[PlyCount "143"]
[EventDate "2022.09.12"]
[EventType "tourn"]
[EventCountry "NET"]
[SourceTitle "playchess.com"]
[Source "ChessBase"]
[SourceQuality "1"]
[TimeControl "900+10"]

1. e4 e5 2. Nf3 Nc6 3. Bb5 Nf6 4. O-O Nxe4 5. Re1 Nd6 6. Nxe5 Be7 7. Bf1 Nxe5 8. Rxe5 O-O 9. Nc3 {[%emt 0:00:01] C67: Ruy Lopez: Berlin Defence: 4 0-0 Nxe4.} Bf6 10. Re1 Re8 11. Nd5 {[%emt 0:01:23] The position is equal.} Rxe1 12. Qxe1 b6 13. Nxf6+ Qxf6 14. d3 {[%emt 0:00:30] 14.f3 is not played anymore.} Bb7 15. Qc3 Qxc3 16. bxc3 {[%emt 0:00:00][%cal Bb2c3,Bc3c4][%mdl 32] [#]} Bc6 $146 ({Predecessor:} 16... Ne8 17. c4 c5 18. f3 Nd6 19. Kf2 Bc6 20. g3 Ba4 21. c3 Nb7 22. Bf4 Re8 {½-½ (40) Wang,H (2744)-Anand,V (2751) Stavanger 2022}) 17. a4 Nb7 18. Bf4 d6 19. d4 Na5 20. c4 Be4 21. Ra2 h6 22. f3 Bf5 23. c5 Be6 24. Ra3 dxc5 25. dxc5 Nb7 26. Bxc7 Nxc5 27. a5 bxa5 28. Rxa5 Nb7 29. Rb5 Nd8 30. Bd3 Rc8 31. Bg3 {[%emt 0:01:01] White is more active.} Nc6 32. Bf2 a5 33. Bc5 a4 34. Ba3 Nd4 35. Rc5 Ra8 ({Better is} 35... Rd8 $14) 36. Bb2 $16 Rd8 37. Ra5 {[%emt 0:00:26] [#] aiming for Bxd4.} Nb3 38. Rb5 (38. cxb3 $2 Rxd3 39. h4 (39. bxa4 $2 Rd1+ 40. Kf2 Rd2+ 41. Kg3 Rxb2 $19) 39... Rxb3 $17) 38... Nd2 39. Rb4 {[%emt 0:00:17] Prevents Bc4.} Nb3 40. cxb3 {[%emt 0:01:15] Bc2 is the strong threat.} Rxd3 41. bxa4 Rb3 42. Rxb3 Bxb3 {[%emt 0:00:00][%mdl 4096] Endgame KB-KB} 43. a5 Bc4 44. Kf2 g6 45. Ke3 Kf8 46. Kd4 Bf1 47. g3 Ke7 48. Kc5 Kd7 49. Kb6 Bg2 50. f4 h5 51. a6 f5 52. a7 Ba8 53. Kc5 Bh1 54. Kd4 {[%emt 0:00:02] [#] Strongly threatening Ke5.} Ke6 55. Ba3 Ba8 56. Bf8 Bh1 57. Bg7 Ba8 58. Be5 Bh1 59. Ke3 Ba8 60. Kf2 Bb7 61. h3 Ba8 62. Ke3 Bh1 63. Kd4 Ba8 64. Kc5 Bh1 65. Kb6 {[%emt 0:00:00] And now Kc7 would win.} Kd7 66. Bd4 Ba8 67. h4 Bh1 68. Be5 Ba8 69. Kc5 Bh1 70. Kb6 Ba8 $1 71. Kc5 Bh1 $1 72. Kb6 {[%emt 0:00:00] Weighted Error Value: White=0.03 (flawless) /Black=0.06 (flawless)} ({White should play} 72. Kc4 $16) 1/2-1/2